 Dungeon Crawl Stone Soup version 0.26-a0-466-g989023bd0d (webtiles) character file.

Game seed: 2502515420344441165

1303 Apogee the Cleaver (level 8, -8/73 HPs)
             Began as a Hill Orc Berserker on Aug 6, 2020.
             Was a Priest of Trog.
             Mangled by a yak (11 damage)
             ... on level 6 of the Dungeon.
             The game lasted 00:06:23 (6901 turns).

Apogee the Cleaver (Hill Orc Berserker)             Turns: 6901, Time: 00:06:24

Health: -8/73      AC:  7    Str: 22    XL:     8   Next: 57%
Magic:  8/8        EV: 11    Int:  7    God:    Trog [***...]
Gold:   263        SH:  0    Dex: 10    Spells: 7/7 levels left

rFire    . . .     SeeInvis .   a - +0 hand axe
rCold    . . .     Faith    .   (no shield)
rNeg     + . .     Spirit   .   d - +0 ring mail
rPois    .         Reflect  .   n - +0 helmet
rElec    .         Harm     .   (no cloak)
rCorr    .                      (no gloves)
MR       .....                  (no boots)
Stlth    ..........             (no amulet)
HPRegen  0.22/turn              e - ring of positive energy
MPRegen  0.11/turn              (no ring)

@: berserk cooldown, slowed, very slow
A: no striking features
a: Berserk, Trog's Hand, Renounce Religion


You were on level 6 of the Dungeon.
You worshipped Trog.
Trog was most pleased with you.
You visited 1 branch of the dungeon, and saw 6 of its levels.

You collected 263 gold pieces.

Inventory:

Hand Weapons
 a - a +0 hand axe (weapon)
 u - the +4 long sword of Mekanulame {vorpal, rF- rC+++ Dex+4}
   (You took it off a centaur on level 5 of the Dungeon)

   It inflicts extra damage upon your enemies.
   It affects your dexterity (+4).
   It makes you vulnerable to fire.
   It renders you almost immune to cold.
Missiles
 s - 5 silver javelins (quivered)
Armour
 b - a +0 animal skin
 d - a +0 ring mail (worn)
   (You found it on level 1 of the Dungeon)
 n - a +0 helmet (worn)
   (You found it on level 3 of the Dungeon)
 w - a +1 helmet
   (You found it on level 5 of the Dungeon)
Jewellery
 e - a ring of positive energy (left hand)
   (You found it on level 1 of the Dungeon)
 o - an uncursed ring of see invisible {unknown}
   (You found it on level 3 of the Dungeon)
 p - an uncursed amulet of faith {unknown}
   (You found it on level 4 of the Dungeon)
 q - an uncursed amulet of faith {unknown}
   (You found it on level 4 of the Dungeon)
Wands
 x - a wand of acid (14)
   (You found it on level 6 of the Dungeon)
Scrolls
 c - 2 scrolls of immolation {unknown}
 f - 6 scrolls of identify {unknown}
 h - a scroll of amnesia {unknown}
 i - 2 scrolls of random uselessness {unknown}
 k - 3 scrolls of teleportation {unknown}
 r - a scroll of fog {unknown}
 t - a scroll of blinking {unknown}
 v - a scroll of fear {unknown}
Potions
 g - 2 potions of haste {unknown}
 j - 3 potions of ambrosia {unknown}
 l - a potion of berserk rage {unknown}
 m - 3 potions of curing {unknown}


   Skills:
 + Level 7.0 Fighting
 * Level 10.2 Axes
 + Level 5.9 Armour
 - Level 1.5 Dodging


You had 7 spell levels left.
You didn't know any spells.
Your spell library was empty.

Dungeon Overview and Level Annotations

Branches:
Dungeon (6/15)             Temple (0/1) D:4

Altars:
Dithmenos
Gozag
Ru
Xom


Message History

Trog accepts your kill.
Unknown command.
The yak gores you!
* * * LOW HITPOINT WARNING * * *
You see here a yak corpse.
You hit the yak.
Unknown command.
You slash the yak! The yak gores you.
* * * LOW HITPOINT WARNING * * *
You hit the yak.
Unknown command.
You barely miss the yak. The yak gores you.
* * * LOW HITPOINT WARNING * * *
You completely miss the yak.
Unknown command.
You hit the yak. The yak gores you!
* * * LOW HITPOINT WARNING * * *
You closely miss the yak.
Okay, then.
You are too berserk!
You slash the yak! The yak barely misses you.
Unknown command.
You slash the yak! The yak gores you.
* * * LOW HITPOINT WARNING * * *
You barely miss the yak.
Unknown command.
You hit the yak.
You kill the yak!
Trog accepts your kill.
Your Fighting skill increases to level 7!
Your Axes skill increases to level 10!
You are too berserk!
You hit the yak.
Unknown command.
You closely miss the yak. You slash the yak!
The yak gores you but does no damage.
You hit the yak. The yak gores you!
* * * LOW HITPOINT WARNING * * *
You hit the yak.
Unknown command.
You hit the yak. The yak barely misses you.
Unknown command.
You hit the yak.
Unknown command.
You slash the yak!
You are no longer berserk.
You are exhausted.
You feel yourself slow down. The yak gores you!
You die...

... ... #.# #.# #Y# #Y# #Y#
#@# #.# #######.###
########.........#
#....)).....##.#.#
#.######.##..#.#.# #########
#.# #.##.#....# #.......# #.#
#.#.......####.#####.#
#.######..#......>.......##.#


You could see 3 yaks.

Vanquished Creatures
  2 yaks (D:6)
  An ice beast (D:5)
  A phantom (D:6)
  A centaur (D:5)
  The ghost of SatoMori the Changer, an amateur MfTm (D:3)
  A bullfrog (D:6)
  A jelly (D:3)
  A howler monkey (D:5)
  A bullfrog zombie (D:6)
  2 orc wizards
  2 bullfrog skeletons
  An iguana (D:5)
  4 worker ants (D:5)
  A hound skeleton (D:4)
  A worker ant zombie (D:5)
  A howler monkey zombie (D:5)
  6 gnolls
  4 adders
  An ufetubus (D:5)
  An ooze (D:1)
  2 adder skeletons
  4 worms
  2 dart slugs
  3 leopard geckos
  16 orcs
  4 giant cockroaches
  6 goblins
  5 hobgoblins
  13 jackals
  12 kobolds
  2 quokkas (D:4)
  A ball python (D:4)
  8 bats
  7 frilled lizards
  A giant cockroach zombie (D:5)
  A quokka skeleton (D:4)
  5 rats
126 creatures vanquished.

Notes
Turn   | Place    | Note
-------+----------+-------------------------------------------
     0 | D:1      | Apogee the Hill Orc Berserker began the quest for the Orb.
     0 | D:1      | Reached XP level 1. HP: 19/19 MP: 1/1
   455 | D:1      | Reached XP level 2. HP: 26/27 MP: 2/2
   799 | D:1      | Reached XP level 3. HP: 33/33 MP: 3/3
   874 | D:1      | Reached ** piety under Trog
  1166 | D:2      | Reached skill level 5 in Axes
  1589 | D:2      | Reached XP level 4. HP: 40/40 MP: 4/4
  2642 | D:3      | Reached skill level 6 in Axes
  2642 | D:3      | Reached XP level 5. HP: 4/47 MP: 5/5
  2926 | D:3      | Found a runed translucent gate.
  2927 | D:3      | Found a runed translucent gate.
  2928 | D:3      | Found a runed translucent gate.
  3311 | D:3      | Found a shimmering altar of Xom.
  3701 | D:3      | Noticed SatoMori's ghost (amateur MfTm)
  3711 | D:3      | Killed SatoMori's ghost
  3711 | D:3      | Reached skill level 5 in Fighting
  3711 | D:3      | Reached XP level 6. HP: 56/56 MP: 6/6
  3863 | D:4      | Reached skill level 7 in Axes
  3935 | D:4      | Found a staircase to the Ecumenical Temple.
  4532 | D:5      | Entered Level 5 of the Dungeon
  4537 | D:5      | Noticed an ice beast
  4559 | D:5      | Killed an ice beast
  4559 | D:5      | Reached XP level 7. HP: 34/61 MP: 7/7
  4766 | D:5      | Reached *** piety under Trog
  5017 | D:5      | Reached skill level 8 in Axes
  5390 | D:5      | Found an opulent altar of Gozag.
  5419 | D:5      | Identified the +4 long sword of Mekanulame {vorpal, rF-
                  | rC+++ Dex+4}
  5788 | D:5      | Reached skill level 5 in Armour
  6208 | D:5      | Found a shimmering altar of Xom.
  6209 | D:5      | Found a sacrificial altar of Ru.
  6212 | D:5      | Found a shadowy altar of Dithmenos.
  6515 | D:6      | Reached skill level 9 in Axes
  6515 | D:6      | Reached XP level 8. HP: 35/71 MP: 8/8
  6858 | D:6      | Noticed a yak
  6859 | D:6      | Noticed a yak
  6860 | D:6      | Noticed a yak
  6861 | D:6      | Noticed a yak
  6862 | D:6      | Noticed a yak
  6881 | D:6      | Killed a yak
  6893 | D:6      | Killed a yak
  6893 | D:6      | Reached skill level 10 in Axes
  6897 | D:6      | HP: 4/109 [yak (8)]
  6901 | D:6      | Mangled by a yak

Illustrated notes

Levels and vault maps discovered:
D:1:      dpeg_arrival_renting, layout_loops_corners, minmay_misc_feat_iff
D:2:      layout_rooms, lemuel_old_faithful
D:3:      layout_basic, ebering_ghost_rock_garden, tgw_xom
D:4:      layout_basic, minmay_temple_entry_grid, minmay_ruptured
D:5:      layout_basic, minitemple, grunt_gozag_breadcrumbs
D:6:      layout_loops_corners

Skill      XL: |  1  2  3  4  5  6  7  8 |
---------------+-------------------------+-----
Fighting       | 4 5 6 7 |  7.0
Axes           | 5 6 7 9 10 | 10.2
Armour         | 3 4 5 |  5.9
Dodging        | |  1.5

Action                   |  1- 3 |  4- 6 |  7- 9 || total
-------------------------+-------+-------+-------++-------
Melee: Hand axe          |   126 |   243 |   204 ||   573
Invok: Berserk           |     1 |     4 |     3 ||     8
 Stab: Invisible         |       |     3 |       ||     3
Armor: Ring mail         |    50 |    75 |    51 ||   176
       Animal skin       |     4 |       |       ||     4
Dodge: Dodged            |   116 |   132 |    82 ||   330

Table legend: (Time is in decaauts)
 A = Elapsed time spent in this place.
 B = Non-inter-level travel time spent in this place.
 C = Inter-level travel time spent in this place.
 D = Time resting spent in this place.
 E = Time spent auto-exploring this place.
 F = Levels seen in this place.
 G = Mean time per level.
                   A        B        C        D        E       F      G
               +--------+--------+--------+--------+--------+-----+--------+
         Total |   6941 |   6799 |    142 |   1993 |   3812 |   6 | 1156.8 |
       Dungeon |   6941 |   6799 |    142 |   1993 |   3812 |   6 | 1156.8 |
               +--------+--------+--------+--------+--------+-----+--------+

Top non-repeatable levels by time:
     D:5: 1899 daAuts
     D:3: 1621 daAuts
     D:1: 1176 daAuts
     D:2: 1088 daAuts
     D:4: 697 daAuts
     D:6: 458 daAuts
